 Dungeon Crawl Stone Soup version 0.17-a0-1767-gccbed74 (webtiles) character file.

820 4thArraOfDagon the Ruffian (level 7, -2/63 HPs)
             Began as a Troll Chaos Knight on Sept 6, 2015.
             Slain by an orc warrior
             ... wielding a +0 flail
              (8 damage)
             ... on level 7 of the Dungeon.
             The game lasted 00:05:40 (1062 turns).

4thArraOfDagon the Ruffian (Troll Chaos Knight)     Turns: 1062, Time: 00:05:41

Health: -2/63      AC:  7    Str: 21      XL:     7   Next: 63%
Magic:  6/6        EV: 10    Int:  7 (10) God:    Xom [....*.]
Gold:   304        SH:  0    Dex:  9      Spells: 0 memorised, 6 levels left

rFire  . . .     SeeInvis .       - Unarmed
rCold  . . .     Clarity  .     a - +2 robe
rNeg   . . .     SustAt   .     (no shield)
rPois  .         Gourm    +     (helmet restricted)
rElec  .         Spirit   .     (no cloak)
rCorr  .         Warding  .     (gloves unavailable)
rMut   .         Stasis   .     (boots unavailable)
MR     .....                    (no amulet)
Stlth  +.........               (no ring)
                                r - ring of flight

@: not resistant to hostile enchantments, very unstealthy
A: unfitting armour, claws 3, deterioration 1, fast metabolism 3, frail 1,
gourmand, regeneration 2, shaggy fur 1, tough skin 2
a: Renounce Religion, Evoke Flight


You were on level 7 of the Dungeon.
You worshipped Xom.
You were a beloved toy of Xom.
You were very full.

You visited 1 branch of the dungeon, and saw 7 of its levels.

You collected 304 gold pieces.

Inventory:

Hand weapons
 o - a +2 flail of crushing
Armour
 a - a +2 robe (worn)
Jewellery
 r - a ring of flight (left claw)
Magical devices
 g - a wand of polymorph (14)
 h - a wand of paralysis (5)
 n - a wand of confusion (17)
 p - a wand of cold (8)
Scrolls
 c - a scroll of immolation {unknown}
 e - a scroll of teleportation {unknown}
 j - a scroll of noise {unknown}
 k - 3 scrolls of remove curse {unknown}
 l - a scroll of identify {unknown}
 m - a scroll of fear {unknown}
 t - a scroll of enchant armour {unknown}
Comestibles
 b - 2 bread rations
 f - 2 beef jerkies


   Skills:
 + Level 4.2 Fighting
 + Level 4.0 Dodging
 * Level 6.8 Unarmed Combat


You had 6 spell levels left.
You didn't know any spells.

Dungeon Overview and Level Annotations

Branches:
Dungeon (8/15)
 Temple: D:4-7         Lair: D:8-11

Altars:
Fedhas
Makhleb
Vehumet

Annotations:
D:3 luca467's ghost, average DsWn


Innate Abilities, Weirdness & Mutations

You are too large for most types of armour.
You have claws for hands.
Your metabolism is lightning-fast.
You like to eat raw meat.
You heal very quickly.
You are covered in fur (AC +1).
You have very tough skin (AC +2).
Your body sometimes deteriorates upon taking damage.
You are frail (-10% HP).


Message History

The orc warrior struggles against the net.
The orc priest invokes the aid of Beogh against you.
You struggle to resist.
Unknown command.
You scratch the orc warrior but do no damage.
The orc warrior is severely wounded.
The orc warrior struggles against the net.
The net rips apart, and the orc warrior comes free!
The orc priest barely misses you.
Unknown command.
Unknown command.
Read which item? (? for menu, Esc to quit)
Okay, then.
You closely miss the orc warrior.
The orc warrior is severely wounded.
The orc priest hits you with a dagger.
* * * LOW HITPOINT WARNING * * *
The orc warrior hits you with a flail!
You die...
Xom cackles wildly!

..#.#..)..##........... #......
..#........#........... #......
..###......#........... #......
...........#<..#.###### #......
.............#.#.###########.....
.#...........#...........#_'.###.
.............#....(......###.....
##.........).##..................
#...............@o...............
.............##.oo...............
.............#..........#........
.......#................##.......
#.######................##.......
..................###............
..................##.............
..................##..........†..
.................................


You could see an orc warrior and 2 orc priests.

Vanquished Creatures
  A necrophage (D:7)
  A phantom (D:7)
  An ogre (D:7)
  2 centaurs
  A giant frog (D:7)
  A scorpion (D:7)
  A crimson imp (D:7)
  A giant frog zombie (D:6)
  A giant frog skeleton (D:4)
  2 hounds (D:4)
  A worker ant (D:7)
  A hound zombie (D:6)
  A hound skeleton (D:7)
  7 gnolls
  2 adders
  A shadow imp (D:7)
  An adder skeleton (D:7)
  An adder zombie (D:7)
  A giant gecko (D:4)
  An orc (D:8)
  A bat (D:3)
  A giant cockroach (D:6)
  3 goblins
  3 hobgoblins
  A quokka (D:4)
  A giant gecko skeleton (D:7)
  A giant newt (D:2)
  A kobold (D:3)
41 creatures vanquished.

Notes
Turn   | Place    | Note
--------------------------------------------------------------
     0 | D:1      | 4thArraOfDagon the Troll Chaos Knight began the quest for the Orb.
     0 | D:1      | Reached XP level 1. HP: 22/22 MP: 0/0
     0 | D:1      | Noticed a vine stalker
     0 | D:1      | Noticed a dwarf
     3 | D:1      | Noticed a draconian
     3 | D:1      | Noticed a naga
     5 | D:1      | Noticed a formicid
     6 | D:1      | Noticed a human
     7 | D:1      | Noticed a human
     8 | D:1      | Noticed a ghoul
    12 | D:1      | Noticed an elf
    13 | D:1      | Noticed an octopode
    16 | D:1      | Noticed a ghoul
    16 | D:1      | Noticed a centaur
    18 | D:1      | Noticed a troll
    18 | D:1      | Noticed an octopode
    20 | D:1      | Noticed a draconian
    45 | D:2      | XOM: potion effect (berserk rage)
   137 | D:2      | Reached XP level 2. HP: 29/29 MP: 1/1
   171 | D:3      | Noticed luca467's ghost (average DsWn)
   175 | D:3      | XOM: 4-stop teleportation journey
   199 | D:3      | Reached XP level 3. HP: 6/36 MP: 2/2
   244 | D:3      | Found a radiant altar of Vehumet.
   356 | D:4      | Reached skill level 4 in Unarmed Combat
   356 | D:4      | Reached XP level 4. HP: 40/44 MP: 3/3
   416 | D:4      | XOM: give mutations
   416 | D:4      | Gained mutation: Your body sometimes deteriorates upon taking damage. [Xom's mischief]
   416 | D:4      | Gained mutation: You are frail (-10% HP). [Xom's mischief]
   416 | D:4      | Gained mutation: You are weak. (Str -2) [Xom's mischief]
   416 | D:4      | Lost mutation: You are weak. (Str -2) [Xom's mischief]
   450 | D:4      | You fall through a shaft!
   450 | D:6      | Found a blossoming altar of Fedhas.
   485 | D:6      | Reached XP level 5. HP: 36/47 MP: 4/4
   491 | D:6      | Noticed a centaur
   505 | D:6      | Killed a centaur
   505 | D:6      | Reached skill level 5 in Unarmed Combat
   593 | D:6      | XOM: god gift: runed flail {god gift}
   657 | D:7      | Noticed a centaur
   658 | D:7      | Reached XP level 6. HP: 25/54 MP: 5/5
   664 | D:7      | XOM: fog
   668 | D:7      | Killed a centaur
   755 | D:7      | Noticed a necrophage
   768 | D:7      | Killed a necrophage
   768 | D:7      | Reached skill level 6 in Unarmed Combat
   768 | D:7      | Reached XP level 7. HP: 46/58 MP: 6/6
   802 | D:7      | Noticed an ogre
   812 | D:7      | Killed an ogre
   840 | D:7      | Noticed a phantom
   842 | D:7      | XOM: 7-stop teleportation journey
   860 | D:7      | XOM: god gift: 8 stones
   886 | D:7      | XOM: god gift: scratched glass ring {god gift}
   890 | D:7      | XOM: 3-stop teleportation journey
   929 | D:7      | XOM: god gift: scroll labeled UDUOLE SIFRESS
   938 | D:7      | Found a burning altar of Makhleb.
   945 | D:7      | XOM: summons friendly quasit
  1013 | D:7      | XOM: mild Ice miscast
  1040 | D:7      | Killed a phantom
  1057 | D:7      | HP: 2/60 [orc priest/war axe of freezing (6)]
  1062 | D:7      | Slain by an orc warrior

Vault maps used:
D:1:      shiori_arrival_whats_in_store_for_you
D:2:      grunt_qazlal_sundering, minmay_statues_item, supply_closet_lemuel
D:3:      vehumet_crystals
D:4:      ashenzari_conservatory_becter, jiyva_altar_1
D:6:      fedhas_altar_3
D:7:      kennysheep_mini
D:8:      enter_ossuary_3, grunt_ogre_cave

Action                   |  1- 3 |  4- 6 |  7- 9 || total
-------------------------+-------+-------+-------++-------
Melee: Unarmed           |    41 |    82 |    52 ||   175
Throw: Throwing net      |       |       |     1 ||     1
Evoke: Wand              |       |     1 |     1 ||     2
  Use: Potion            |     1 |     3 |     2 ||     6
 Stab: Paralysed         |       |       |     4 ||     4
  Eat: Chunk             |     7 |     3 |     4 ||    14
